Map: [ESL] Hardwire

Players

Neeb

  • Race: Protoss Protoss

Solar - Winner!

  • Race: Zerg Zerg

Event: IEM Katowice 2022

VOD

Have the link to the VOD?

Description

Time

  • Played on: Feb. 24, 2022, 10:11 a.m.
  • Length: 21:21

All games in this series

Show
View Real Time Build Order
Export as new Build Order

Neeb Protoss 

Build Orders: 1 Gate Expand, Oracle Opening 

Get SALT Encoding   

  12  0:00  Probe  
  13  0:12  Probe  
  14  0:19  Pylon  
  14  0:24  Probe  
  15  0:37  Probe (Chrono Boost)  
  15  0:39  Gateway  
  16  0:47  Probe (Chrono Boost)  
  16  0:49  Assimilator  
  17  0:52  Probe (Chrono Boost)  
  18  1:03  Probe  
  19  1:15  Probe  
  20  1:25  Nexus  
  20  1:35  Cybernetics Core  
  20  1:38  Probe  
  21  1:42  Assimilator  
  21  1:50  Probe  
  21  1:52  Pylon  
  22  2:02  Probe (Chrono Boost)  
  22  2:04  Assimilator  
  23  2:11  Probe (Chrono Boost), Adept  
  26  2:16  Probe (Chrono Boost)  
  27  2:24  Stargate  
  27  2:28  Probe (Chrono Boost)  
  28  2:35  Probe (Chrono Boost)  
  28  2:36  Warp Gate  
  29  2:37  Probe (Chrono Boost)  
  29  2:43  Adept  
  33  2:47  Probe x2 (Chrono Boost)  
  34  2:52  Probe (Chrono Boost)  
  34  2:55  Probe  
  36  2:59  Void Ray (Chrono Boost)  
  36  3:03  Probe  
  37  3:07  Probe  
  42  3:13  Pylon, Adept  
  42  3:15  Probe  
  42  3:19  Probe  
  46  3:32  Probe  
  47  3:34  Probe  
  47  3:37  Oracle  
  51  3:45  Probe  
  51  3:47  Pylon  
  51  3:48  Assimilator, Probe  
  53  3:57  Probe  
  53  4:02  Nexus  
  54  4:05  Pylon, Probe  
  54  4:07  Stargate  
  54  4:09  Probe  
  56  4:17  Probe  
  56  4:21  Robotics Facility, Probe  
  58  4:26  Forge  
  58  4:29  Probe  
  58  4:30  Pylon  
  59  4:33  Probe  
  60  4:41  Probe  
  62  4:45  Probe  
  62  4:46  Void Ray  
  62  4:49  Shield Battery, Void Ray  
  62  4:52  Pylon  
  66  4:53  Probe  
  66  4:57  Probe  
  72  5:03  Assimilator  
  72  5:04  Pylon  
  72  5:05  Probe  
  73  5:10  Probe (Chrono Boost), Assimilator  
  73  5:12  Robotics Bay  
  73  5:14  Observer  
  75  5:16  Probe (Chrono Boost)  
  75  5:18  Probe (Chrono Boost)  
  78  5:22  Probe (Chrono Boost)  
  78  5:27  Probe (Chrono Boost)  
  78  5:28  Probe (Chrono Boost)  
  80  5:29  Probe (Chrono Boost)  
  80  5:32  Probe x2 (Chrono Boost)  
  80  5:34  Fleet Beacon  
  80  5:35  Observer  
  84  5:36  Probe  
  85  5:43  Probe  
  85  5:44  Probe  
  85  5:46  Gateway x2  
  85  5:47  Gateway  
  87  5:54  Probe  
  87  5:56  Pylon  
  88  6:03  Disruptor  
  91  6:07  Protoss Air Weapons Level 1  
  91  6:10  Pylon  
  91  6:11  Pylon  
  91  6:15  Carrier (Chrono Boost)  
  91  6:17  Carrier (Chrono Boost)  
  96  6:25  Probe  
  103  6:31  Twilight Council  
  103  6:35  Photon Cannon  
  103  6:36  Photon Cannon  
  103  6:40  Gateway, Protoss Ground Weapons Level 1  
  103  6:42  Gateway  
  103  6:51  Nexus  
  103  6:58  Pylon  
  103  7:00  Probe x2  
  103  7:01  Probe  
  106  7:07  Void Ray (Chrono Boost)  
  106  7:08  Charge (Chrono Boost)  
  106  7:09  Gateway  
  106  7:10  Void Ray (Chrono Boost)  
  106  7:13  Gateway, Templar Archives  
  106  7:14  Pylon  
  110  7:22  Pylon  
  114  7:27  Shield Battery  
  114  7:30  Pylon  
  114  7:33  Sentry, Zealot x3  
  114  7:37  Disruptor (Chrono Boost)  
  122  7:40  Probe x3  
  128  7:49  Photon Cannon x2  
  132  8:08  Warp Prism (Chrono Boost)  
  132  8:09  High Templar  
  132  8:10  High Templar, Zealot x4  
  146  8:14  Archon  
  146  8:16  Zealot x2  
  149  8:21  Assimilator  
  149  8:24  Assimilator  
  149  8:27  Void Ray  
  149  8:35  Zealot x4  
  149  8:36  High Templar x2  
  149  8:38  Probe x2  
  159  8:42  Gateway, Archon  
  159  8:44  Gateway  
  159  8:46  Gateway  
  159  8:47  Observer (Chrono Boost)  
  134  9:11  Stalker x8  
  127  9:34  Zealot x8  
  132  9:46  Stalker x3  
  132  9:49  Blink (Chrono Boost)  
  136  9:57  Stalker x7  
  147  10:02  Nexus  
  147  10:05  Protoss Ground Weapons Level 2 (Chrono Boost)  
  135  10:16  Robotics Facility  
  135  10:18  Sentry x2  
  135  10:19  High Templar x2  
  143  10:22  Stalker x6  
  143  10:23  Archon  
  143  10:24  Shield Battery  
  143  10:28  Shield Battery  
  155  10:34  Robotics Facility  
  141  10:47  Zealot x3  
  141  10:48  Zealot x5  
  147  11:01  Disruptor (Chrono Boost)  
  147  11:10  Probe  
  147  11:11  Stalker x6  
  147  11:28  Stalker x3  
  139  11:35  Stalker x6  
  130  11:47  Nexus  
  127  11:55  Disruptor x2 (Chrono Boost)  
  133  12:06  Sentry  
  133  12:07  Sentry x3, Stalker x4  
  147  12:23  Stalker x3  
  147  12:26  Observer  
  149  12:41  High Templar x4  
  149  12:42  Zealot x4  
  165  12:45  Pylon  
  165  12:50  Stalker x3, Archon  
  165  12:51  Archon  
  171  12:54  Stargate  
  171  12:59  Stargate  
  171  13:02  Observer (Chrono Boost)  
  174  13:07  Protoss Air Weapons Level 2 (Chrono Boost)  
  174  13:09  Warp Prism (Chrono Boost)  
  174  13:11  Photon Cannon  
  174  13:13  Probe x2  
  174  13:14  Probe  
  175  13:26  Stalker x3  
  175  13:27  Stalker x7  
  146  13:51  Stalker x10  
  106  14:08  Stalker  
  98  14:14  Stalker x9  
  114  14:27  Observer  
  114  14:31  Stalker x2  
  114  14:41  Stalker x7  
  128  14:50  Zealot x2  
  128  15:03  Stalker x2  
  128  15:06  Stalker x7  
  130  15:23  Stalker x2  
  130  15:28  Probe x3  
  137  15:29  Stalker x3  
  137  15:30  Stalker x2, Shield Battery  
  137  15:33  Observer  
  137  15:34  Observer  
  145  15:46  Observer  
  145  15:52  Tempest (Chrono Boost)  
  145  15:54  Tempest x2 (Chrono Boost)  
  156  15:58  Zealot x4  
  156  15:59  Zealot x2  
  168  16:19  Tempest (Chrono Boost), Assimilator  
  168  16:20  Assimilator  
  168  16:22  Tempest  
  168  16:24  Stalker  
  168  16:25  Stalker x4  
  173  16:34  Zealot x4  
  176  16:49  Probe  
  177  16:56  Assimilator  
  177  16:58  Photon Cannon, Zealot x5  
  177  16:59  Void Ray x3 (Chrono Boost)  
  186  17:10  Sentry, High Templar x2  
  186  17:11  Zealot x3  
  198  17:17  Archon  
  198  17:18  Pylon  
  198  17:22  Protoss Ground Weapons Level 3  
  188  17:43  Psionic Storm  
  186  17:44  High Templar x2  
  180  17:58  Zealot x9  
  194  17:59  Nexus  
  198  18:20  High Templar  
  198  18:26  Archon  
  198  18:28  Pylon x2  
  175  18:39  Stalker x10  
  142  18:55  Stalker  
  137  19:03  Zealot x4  
  137  19:04  Zealot x5  
  141  19:21  High Templar x2  
  131  19:25  High Templar x2  
  131  19:30  High Templar  
  133  19:39  Stalker  
  133  19:40  Stalker, Nexus  
  133  19:41  Pylon  
  133  19:43  Shield Battery  
  133  19:45  Shield Battery  
  125  19:48  Photon Cannon  
  122  19:59  Stalker x3  
  116  20:02  Zealot x3  
  115  20:18  Stalker  
  115  20:19  Stalker  
  90  20:36  Archon  
  90  20:39  Stalker x2  
  63  20:48  Stalker  
  61  20:56  Stalker x2  
  61  20:57  Zealot x6  
  59  21:03  Zealot  
  62  21:11  Zealot  
Show
View Real Time Build Order
Export as new Build Order

Solar Zerg - Winner!

Build Orders: Hatch First, Brood Lord Corruptor 

Get SALT Encoding   

  12  0:00  Drone  
  13  0:12  Overlord  
  13  0:17  Drone  
  14  0:30  Drone x2  
  16  0:48  Hatchery  
  15  0:51  Drone  
  15  0:54  Drone  
  17  0:58  Drone  
  18  1:09  Extractor  
  17  1:14  Spawning Pool  
  16  1:19  Drone  
  16  1:21  Drone  
  18  1:27  Drone  
  19  1:39  Drone  
  20  1:49  Overlord  
  20  2:01  Queen  
  20  2:02  Queen, Zergling x2  
  20  2:03  Zergling x2  
  26  2:10  Drone  
  26  2:11  Drone  
  26  2:14  Metabolic Boost  
  28  2:24  Drone x2  
  30  2:37  Hatchery  
  30  2:39  Drone  
  30  2:46  Queen  
  30  2:50  Overlord  
  32  2:53  Drone  
  32  2:56  Drone  
  32  2:58  Drone  
  35  3:08  Drone  
  35  3:11  Drone x4  
  35  3:12  Zergling x2  
  41  3:17  Queen  
  43  3:20  Overlord  
  43  3:22  Drone  
  44  3:28  Overlord  
  44  3:31  Spore Crawler, Drone  
  44  3:38  Queen  
  44  3:40  Drone x2  
  48  3:45  Zergling x2  
  49  3:51  Queen  
  49  3:52  Drone  
  49  3:54  Spore Crawler, Drone  
  52  3:55  Overlord  
  52  3:58  Drone  
  52  4:01  Drone x2  
  54  4:03  Drone  
  54  4:04  Drone  
  54  4:07  Drone  
  54  4:09  Overlord  
  57  4:14  Drone  
  57  4:15  Drone  
  59  4:18  Drone  
  59  4:20  Drone  
  59  4:22  Drone  
  62  4:24  Drone x2  
  62  4:25  Drone  
  62  4:27  Lair  
  62  4:28  Drone  
  62  4:29  Drone  
  67  4:32  Drone, Extractor x2  
  67  4:33  Drone  
  67  4:36  Overlord  
  67  4:41  Roach Warren  
  67  4:42  Drone x2  
  67  4:44  Drone  
  69  4:45  Drone  
  69  4:47  Drone  
  69  4:49  Drone  
  72  4:53  Drone  
  72  4:55  Spore Crawler  
  72  4:59  Spore Crawler  
  68  5:00  Drone  
  68  5:02  Drone x4  
  68  5:04  Drone  
  68  5:06  Overlord  
  75  5:09  Drone  
  75  5:11  Drone x3  
  79  5:14  Drone x2  
  79  5:15  Extractor  
  79  5:17  Drone  
  80  5:24  Extractor  
  80  5:25  Extractor  
  80  5:26  Overseer  
  80  5:27  Hatchery  
  77  5:30  Spire  
  77  5:31  Overseer  
  77  5:32  Drone x2  
  77  5:35  Overlord  
  78  5:40  Drone x2  
  78  5:42  Drone x4  
  82  5:45  Drone x2  
  82  5:47  Drone x2  
  82  5:49  Drone  
  87  5:51  Drone  
  87  5:52  Drone  
  87  5:53  Overlord  
  87  5:55  Drone  
  90  5:57  Glial Reconstitution  
  90  6:00  Evolution Chamber  
  90  6:01  Drone x2  
  91  6:05  Queen  
  91  6:07  Extractor  
  91  6:08  Overlord  
  91  6:10  Drone  
  93  6:13  Overlord  
  93  6:14  Drone  
  93  6:15  Drone  
  93  6:16  Drone  
  93  6:17  Drone  
  93  6:18  Overlord, Extractor  
  96  6:20  Overlord  
  96  6:24  Drone, Overlord x2  
  97  6:27  Drone x4  
  101  6:33  Zerg Missile Weapons Level 1, Drone  
  101  6:35  Overlord  
  101  6:38  Overlord  
  102  6:44  Corruptor  
  102  6:45  Zerg Flyer Weapons Level 1, Corruptor x2  
  108  6:50  Corruptor  
  108  6:51  Corruptor  
  108  6:52  Overlord  
  112  6:54  Corruptor  
  112  6:57  Corruptor  
  116  7:01  Corruptor  
  116  7:02  Corruptor  
  116  7:05  Corruptor  
  122  7:14  Hatchery  
  121  7:16  Corruptor x2  
  121  7:19  Drone  
  121  7:21  Corruptor x2  
  130  7:23  Overlord  
  130  7:28  Corruptor x2  
  134  7:32  Corruptor  
  136  7:37  Drone x4  
  136  7:41  Corruptor x2  
  136  7:44  Overlord  
  144  7:45  Corruptor  
  144  7:50  Corruptor  
  148  7:53  Corruptor  
  148  7:55  Overlord, Extractor x2  
  148  7:56  Corruptor  
  147  7:59  Roach x3  
  147  8:03  Corruptor  
  155  8:06  Roach x2  
  155  8:07  Zergling x4  
  155  8:08  Overlord  
  155  8:12  Corruptor  
  163  8:16  Roach x4  
  171  8:20  Corruptor  
  171  8:21  Roach  
  171  8:22  Zergling x4  
  171  8:24  Roach  
  179  8:27  Roach x2  
  179  8:28  Zergling x4  
  179  8:32  Roach x2  
  179  8:33  Roach  
  190  8:35  Roach x2  
  190  8:36  Roach  
  190  8:37  Roach  
  198  8:41  Overlord  
  198  8:42  Overlord  
  198  8:44  Overlord  
  198  8:47  Roach  
  198  8:49  Overlord  
  198  8:55  Roach x2  
  196  8:56  Roach x2  
  196  8:57  Roach x2  
  196  9:00  Roach x2  
  196  9:01  Roach  
  196  9:03  Roach x2  
  196  9:07  Roach x7  
  196  9:08  Zergling x2  
  199  9:10  Infestation Pit  
  199  9:12  Roach  
  199  9:16  Roach x2  
  192  9:21  Ravager x8  
  200  9:30  Roach x2  
  187  9:35  Roach x2  
  187  9:36  Queen  
  187  9:37  Roach x8, Zergling x2  
  187  9:38  Zergling x2  
  194  9:42  Roach x3  
  185  9:47  Roach x4  
  185  9:52  Zerg Missile Weapons Level 2  
  193  9:56  Drone x3  
  193  9:59  Drone x3  
  199  10:01  Roach  
  199  10:03  Queen, Hive  
  193  10:08  Ravager x9  
  200  10:30  Hatchery  
  199  10:37  Zergling x6  
  199  10:40  Roach x2  
  199  10:42  Roach x2  
  200  10:46  Roach  
  200  10:47  Roach x7  
  200  10:49  Roach x2  
  191  10:50  Roach  
  191  10:52  Zergling x4  
  193  10:58  Roach x2  
  193  11:02  Ravager  
  193  11:03  Ravager  
  197  11:04  Zergling x6  
  197  11:07  Drone, Evolution Chamber  
  197  11:08  Drone, Baneling Nest  
  197  11:18  Greater Spire  
  197  11:20  Zergling x10  
  197  11:23  Roach x2  
  179  11:28  Zergling x6  
  179  11:30  Zergling x2  
  179  11:31  Zergling x8  
  179  11:37  Roach x2  
  179  11:38  Roach x3  
  172  11:42  Roach  
  172  11:44  Queen x2  
  166  11:47  Zerg Melee Weapons Level 1  
  166  11:48  Roach x4  
  159  11:54  Drone  
  159  11:56  Roach  
  159  11:58  Roach x3  
  168  12:04  Ravager x2  
  168  12:05  Roach  
  168  12:06  Ravager  
  170  12:09  Zergling x8  
  170  12:14  Zergling x2  
  170  12:15  Zergling x12  
  173  12:19  Roach x2  
  173  12:23  Roach x2  
  171  12:31  Zergling x6  
  171  12:32  Brood Lord x10  
  171  12:35  Brood Lord  
  187  12:37  Roach  
  187  12:42  Ravager x8  
  195  12:45  Ravager  
  195  12:46  Zergling x6  
  199  12:57  Ravager  
  200  13:06  Hatchery  
  200  13:08  Overseer x2  
  197  13:19  Roach x6  
  192  13:27  Corruptor  
  192  13:28  Corruptor x2  
  192  13:34  Zergling x8  
  197  13:35  Zergling x10  
  197  13:40  Corruptor  
  195  13:46  Corruptor x3  
  184  13:51  Roach  
  184  13:54  Roach  
  155  13:56  Roach x2  
  155  13:59  Queen x2  
  145  14:03  Roach  
  145  14:04  Ravager x2  
  145  14:07  Roach x2  
  150  14:10  Roach  
  150  14:14  Roach  
  153  14:18  Roach x4  
  161  14:24  Roach  
  161  14:28  Roach x3  
  169  14:32  Roach  
  169  14:35  Roach  
  167  14:39  Ravager x2  
  167  14:40  Roach  
  167  14:41  Roach x3  
  167  14:42  Queen  
  179  14:47  Zergling x2  
  179  14:48  Zergling x2  
  180  14:55  Roach x3  
  180  14:58  Hatchery  
  175  15:00  Roach x4  
  175  15:02  Zerg Melee Weapons Level 2  
  175  15:05  Adrenal Glands  
  175  15:07  Zergling x4  
  171  15:09  Viper x2  
  171  15:14  Roach x2  
  163  15:15  Roach  
  163  15:16  Roach  
  163  15:19  Roach x2  
  163  15:21  Roach  
  167  15:24  Ravager x7  
  167  15:25  Roach  
  176  15:28  Zergling x2  
  176  15:29  Zergling x4  
  178  15:38  Roach  
  178  15:39  Roach x5  
  185  15:42  Roach  
  185  15:48  Brood Lord  
  183  15:50  Zergling x8  
  183  15:53  Centrifugal Hooks  
  183  15:55  Zergling x4  
  180  15:58  Zergling x2  
  180  15:59  Zergling x4  
  180  16:01  Ravager  
  180  16:02  Drone  
  180  16:03  Zergling x2  
  180  16:04  Zergling x4  
  188  16:06  Ravager  
  188  16:08  Baneling x8  
  189  16:11  Zergling x4  
  189  16:12  Zergling x2  
  189  16:13  Zergling x2  
  189  16:14  Zergling x2  
  189  16:18  Zergling x6  
  194  16:19  Zergling x2  
  194  16:20  Zergling x2  
  194  16:24  Zergling x4  
  194  16:25  Zergling x2  
  196  16:26  Zergling x6  
  196  16:30  Zergling x4  
  194  16:33  Brood Lord  
  194  16:35  Roach x2  
  194  16:37  Zergling x6  
  194  16:38  Zergling x2  
  194  16:39  Zergling x2  
  195  16:43  Zergling x8  
  195  16:44  Zergling x2  
  198  16:48  Zergling x6  
  198  16:51  Baneling x9  
  198  16:53  Zergling x2  
  199  16:59  Zergling x8  
  199  17:03  Roach x2  
  199  17:07  Zergling x12  
  198  17:09  Baneling x5  
  198  17:11  Ravager  
  198  17:28  Corruptor x4  
  196  17:31  Corruptor x3  
  196  17:36  Drone x2  
  194  17:37  Drone  
  194  17:40  Zergling x4  
  193  17:45  Zergling x6  
  193  17:49  Zergling x4  
  195  17:52  Overlord  
  195  17:57  Baneling x6  
  195  18:00  Baneling x5  
  191  18:07  Baneling  
  191  18:08  Ravager x4  
  191  18:09  Overlord  
  191  18:11  Zergling x6  
  191  18:12  Overseer  
  198  18:16  Baneling x6  
  198  18:21  Zergling x4  
  198  18:27  Zergling x6  
  198  18:32  Zergling x4  
  184  18:35  Zergling x6  
  184  18:38  Zergling x12  
  185  18:44  Zergling x6  
  185  18:48  Corruptor  
  172  18:54  Corruptor  
  165  18:57  Zergling x6  
  165  19:02  Corruptor  
  157  19:04  Roach  
  157  19:07  Roach  
  152  19:11  Roach x2  
  151  19:18  Roach x2  
  151  19:23  Baneling x7  
  137  19:24  Zergling x4  
  137  19:26  Zergling x2  
  137  19:28  Roach  
  139  19:32  Roach  
  139  19:35  Ravager x6  
  139  19:36  Ravager x2  
  149  19:41  Roach x2  
  150  19:47  Baneling  
  150  19:48  Baneling x9  
  150  19:49  Zergling x2  
  151  19:54  Zergling x6  
  151  19:56  Zergling x2  
  151  19:58  Zergling x2  
  151  19:59  Zergling x2  
  156  20:01  Zergling x2  
  156  20:05  Zergling x6  
  159  20:10  Zergling x4  
  159  20:11  Zergling x2  
  159  20:12  Zergling x2  
  159  20:13  Baneling  
  159  20:14  Baneling  
  157  20:21  Roach x2  
  161  20:22  Zergling x4  
  157  20:28  Zergling x2  
  157  20:29  Zergling x8  
  157  20:40  Brood Lord x2  
  151  20:43  Brood Lord  
  151  20:47  Roach x2  
  146  20:52  Zergling x4  
  146  20:53  Zergling x2  
  146  20:54  Zergling x2  
  146  20:56  Zergling x2  

Tags
 
Add a new tag
Caveats
  • Supply blocks, unpowered buildings, or Contaminate may cause inaccurate times.
  • Supply counts are checked every 10 seconds.